 BcadrenCrawl: Boulder Brew version 0.04-3-g5ec7fb31a4 (webtiles) character file.

Game seed: 4134099450923159322, levelgen mode: deterministic

138 Chiseanne the Ducker (level 5, 0/36 HPs) Goblin Demonspawn. Began on Mar 22, 2021. Slain by a water moccasin (5 damage) ... on level 2 of the Dungeon. The game lasted 00:03:01 (1262 turns).

Chiseanne the Ducker (Goblin Demonspawn)            Turns: 1262, Time: 00:03:01

Health: 0/36       AC:  6    Str:  8    XL:     5 ^: 71
Magic:  7/7        EV: 14    Int:  6    God:
Gold:   97         SH:  0    Dex:  6    Spells: 9/10 levels left

rFire    + . .     Vision   .   a - +0 long sword (freeze)
rCold    . . .     Gourm    .   m - +0 hatchet
rNeg     . . .     Faith    .   b - +0 leather armour
rPois    .         Spirit   .   (no helmet)
rElec    .         Reflect  .   c - +0 cloak
rCorr    .         Harm     .   (no gloves)
MR       .....                  (no boots)
Stlth    +.........             (no amulet)
HPRegen  0.22/turn              (no ring)
MPRegen  0.17/turn              (no ring)

@: lethally poisoned (0 -> -16)
A: small, stagnant stats, goblin's greed, iridescent scales 1, fire resistance
1, low mp 1, mutation resistance 1, god's pity 2
a: no special abilities


You were on level 2 of the Dungeon.
You were not hungry.

You visited 1 branch of the dungeon, and saw 2 of its levels.

You collected 80 gold pieces.

Inventory:

Weapons
 a - a +0 long sword of freezing (weapon)
 m - a +0 hatchet (weapon)
 w - a +0 hunting sling
Armour
 b - a +0 leather armour (worn)
 c - a +0 cloak (worn)
Scrolls
 e - a scroll of amnesia
 f - 5 scrolls of teleportation
Potions
 h - a potion of magic
 j - a potion of curing
 k - a potion of lignification
 l - a potion of brilliance
Comestibles
 d - 3 rations
 n - 2 chunks of flesh


   Skills:
 * Level 3.5 Fighting
 - Level 2.6 Long Blades
 * Level 5.2 Dodging
 - Level 2.6 Stealth
 * Level 3.2 Spellcasting
 - Level 2.6 Fire Magic
   Level 4.0 Invocations


You had 9 spell levels left.
You knew the following spells:

 Your Spells              Type           Power        Failure   Level  Hunger
a - Flame Tongue          Fire           4 (30)       14%         1    ##.....

Your spell library contained the following spells:

 Spells                   Type           Power        Failure   Level  Hunger
 Conjure Flame            Fire           4 (100)      38%         3    ####...
 Blink                    Tloc           N/A          54%         2    ###....
 Call Imp                 Summ           0 (100)      54%         2    ###....
 Slow                     Hex            0 (100)      54%         2    ###....
 Mephitic Cloud           Pois/Air       0 (100)      78%         3    ####...


Dungeon Overview and Level Annotations

Branches:
Dungeon (2/8)

Altars:
Ru

Shops:
D:2 [


Innate Abilities, Weirdness & Mutations

Your stats never grow through leveling.
Your goblin ancestry allows you to find more gold. (+20%)
You are small and have problems with some larger weapons.
You are partially covered in iridescent scales. (AC +2)
You are heat resistant. (rF+)
Your magical capacity is low. (-10% MP)
You are somewhat resistant to further mutation.
The pity of the gods increases the power of your passive and invoked divine abilities.


Message History

You closely miss the water moccasin.
The water moccasin bites you but does no damage.
The water moccasin barely misses you (0).
You riposte.
The water moccasin blocks your attack.
The water moccasin closely misses you (0).
The water moccasin bites you (1).
You barely miss the water moccasin. x2; The water moccasin bites you (10)!
You are poisoned.
The water moccasin poisons you (16)!
The water moccasin closely misses you (0). x2
You riposte.
You closely miss the water moccasin. You hit the water moccasin (2).
You freeze the water moccasin (1). You closely miss the water moccasin.
You feel very sick. (3)
The water moccasin bites you (2). The water moccasin bites you (3).
You are lethally poisoned!
The water moccasin poisons you (11)! The water moccasin bites you (10)!
* * * LOW HITPOINT WARNING * * *
The water moccasin bites you (5).
You die...

### ####################
≈.. ######≈####≈.≈......
.≈.. #.....≈...#....≈....
#≈≈≈ #.≈≈...≈....####.≈#.
#≈.##≈.@S≈.≈.≈...≈####
#.≈..≈≈≈≈.≈.###..##.###
#≈≈..≈≈≈≈≈..##≈.##.#..≈
##.#≈≈≈≈≈≈≈≈##....#.#..
####...≈≈≈≈≈≈###≈.#...#.
##≈.≈..≈≈≈≈≈≈.≈.#.#.....#
#....#.≈≈≈≈≈≈.≈##.#.≈≈≈.#
#...≈..≈≈≈≈≈≈b#≈..#≈...≈#
##.....≈≈≈≈≈≈≈≈≈≈.#≈._.≈#


You could see a water moccasin.

Vanquished Creatures
  A jelly (D:2)
  3 giant cockroaches
  A sewer rat (D:2)
  2 cinder newts
  An ooze (D:1)
  3 dart slugs (D:1)
  A leopard gecko (D:2)
  2 goblins (D:1)
  5 hobgoblins (D:1)
  3 kobolds (D:1)
  5 ball pythons
  7 bats
  5 rats (D:1)
  A withered plant (D:2)
40 creatures vanquished.

Vanquished Creatures (others)
  A bat skeleton (D:2)
  27 withered plants (D:2)
28 creatures vanquished.

Grand Total: 68 creatures vanquished

Notes
Turn   | Place    | Note
-------+----------+-------------------------------------------
     0 | D:1      | Chiseanne the Goblin Demonspawn began the quest for the
                  | Orb.
     0 | D:1      | Reached XP level 1. HP: 13/13 MP: 2/2
    66 | D:1      | Gained mutation: You are partially covered in iridescent
                  | scales. (AC +2) [demonic ancestry]
    66 | D:1      | Reached XP level 2. HP: 19/19 MP: 3/3
   240 | D:1      | Reached XP level 3. HP: 24/24 MP: 4/4
   447 | D:1      | Reached XP level 4. HP: 30/30 MP: 4/6
   805 | D:2      | Found a sacrificial altar of Ru.
   820 | D:2      | Found Nyhiyjy's Armour Shoppe.
   854 | D:2      | Reached skill level 5 in Dodging
   860 | D:2      | Gained mutation: You are heat resistant. (rF+) [demonic
                  | ancestry]
   860 | D:2      | Reached XP level 5. HP: 5/36 MP: 7/7
  1119 | D:2      | Noticed a water moccasin
  1262 | D:2      | Slain by a water moccasin

Levels and vault maps discovered:
D:1:      mrwooster_arrival_arrow, layout_loops_corners,
          cheibrodos_sewer_entry_drain
D:2:      layout_sewer, chequers_ecumenical_altar_simple_redux, serial_shops,
          shop, nicolae_ru_awakened_eye

Skill      XL: |  1  2  3  4 |
---------------+-------------+-----
Fighting       | 2 3 |  3.5
Spellcasting   | 2 3 |  3.2
Dodging        | 5 |  5.2
Long Blades    | |  2.6
Stealth        | |  2.6
Fire Magic     | |  2.6
Invocations    | |  4.0

Action                   |  1- 3 |  4- 6 || total
-------------------------+-------+-------++-------
Melee: Long sword        |    36 |    63 ||    99
       Unarmed           |     8 |       ||     8
       Club              |    25 |    18 ||    43
       Hatchet           |       |    34 ||    34
  Use: Scroll            |       |     2 ||     2
       Potion            |       |     1 ||     1
 Stab: Sleeping          |       |     1 ||     1
  Eat: Chunk             |       |     2 ||     2
Armor: Leather armour    |    15 |    45 ||    60
Dodge: Dodged            |    70 |   121 ||   191
       Rpst.: Long sword |    21 |    42 ||    63
